AoeStats
← El Fantasma de Pancho Villa

Arena

508172124Analyzed
4v4 RM · 11d ago on Sep 21, 2026· 34m 55s· 8 players
Game mode
Random Map
Map size
Large (8 player)
Population
200
Speed
Normal
Resources
Standard
Victory
Conquest
Starting age
Dark Age
Ending age
Imperial Age
RankedLock teamsTeams togetherTeam positionsShared explorationLock speedFull tech treeHidden civsTurbo modeCheats
Victory
Defeat
🇲🇽 Persians · Mexico
1242
+13
🇲🇽 Bohemians · Mexico
1197
+14
🇺🇸 Cumans · United States
1180
+15
🇲🇽 Jurchens · Mexico
1118
+18
🇫🇷 Japanese · France
1255
-19
🇦🇷 Persians · Argentina
1175
-16
🇯🇵 Vikings · Japan
1121
-13
🇫🇷 Japanese · France
1086
-12
kama.Kroxa
11:32 Feudal Age
10:53 Loom
16:22 Castle Age
15:29 Bloodlines
15:28 Scale Barding Armor
16:30 Forging
16:30 Double-Bit Axe
21:35 Chain Barding Armor
28:20 Iron Casting
30:51 Wheelbarrow
37:08 Imperial Age
[GMEX] | The_Spartako
7:11 Loom
12:04 Feudal Age
14:44 Double-Bit Axe
14:41 Horse Collar
18:02 Castle Age
16:41 Bloodlines
16:38 Scale Barding Armor
18:31 Gold Mining
22:24 Husbandry
22:38 Forging
22:42 Bow Saw
30:05 Gold Shaft Mining
30:28 Heavy Plow
32:22 Wheelbarrow
34:30 Chain Barding Armor
34:45 Iron Casting
ODIN
12:53 Feudal Age
14:16 Loom
16:54 Castle Age
23:33 Double-Bit Axe
25:01 Bow Saw
25:04 Fervor
25:31 Forging
26:07 Pikeman
30:55 Scale Mail Armor
31:53 Wheelbarrow
32:44 Iron Casting
32:47 Squires
36:05 Imperial Age
El Fantasma de Pancho Villa
13:18 Feudal Age
14:25 Man-at-Arms
26:26 Fletching
28:02 Double-Bit Axe
34:23 Wheelbarrow
Balgrudor
7:26 Loom
9:48 Feudal Age
9:57 Man-at-Arms
13:14 Arson
21:15 Scale Mail Armor
21:36 Forging
23:28 Wheelbarrow
27:06 Castle Age
25:53 Double-Bit Axe
25:50 Horse Collar
27:19 Pikeman
28:29 Chain Mail Armor
30:21 Squires
abuderoあああ
10:31 Feudal Age
14:25 Castle Age
12:46 Horse Collar
13:37 Double-Bit Axe
18:58 Bow Saw
renardoracle12
11:09 Feudal Age
12:05 Man-at-Arms
12:33 Arson
16:14 Double-Bit Axe
17:38 Horse Collar
22:43 Castle Age
23:13 Wheelbarrow
23:52 Scale Mail Armor
24:03 Forging
25:45 Bow Saw
25:02 Long Swordsman
26:13 Pikeman
28:06 Stone Mining
28:07 Gold Mining
Nitsuga
9:51 Feudal Age
13:58 Castle Age
12:26 Double-Bit Axe
12:51 Horse Collar
20:18 Wheelbarrow
20:41 Heavy Plow
23:25 Hand Cart
28:58 Imperial Age
26:59 Gold Mining
27:20 Scale Barding Armor
27:27 Forging
28:48 Chain Barding Armor
29:47 Conscription
28:48 Cavalier
30:08 Iron Casting
29:48 Bloodlines
29:39 Husbandry
30:13 Heavy Camel Rider
30:23 Savar
31:49 Plate Barding Armor
32:15 Blast Furnace
33:54 Masonry
34:40 Gold Shaft Mining
Connection lost

Rejoining the realm…

Still unreachable

The connection could not be restored.

Session expired

The server has moved on; the page needs a fresh start.